 Dungeon Crawl Stone Soup version 0.24-a0-459-g225fefd530 (webtiles) character file.

Game seed: 8025720041861080210

23 vurker the Caller (level 2, -1/20 HPs)
             Began as a Gnoll Summoner on June 30, 2019.
             Killed from afar by Sigmund (8 damage)
             ... with a magic dart
             ... on level 2 of the Dungeon.
             The game lasted 00:02:14 (1277 turns).

vurker the Caller (Gnoll Summoner)                  Turns: 1277, Time: 00:02:15

Health: -1/20      AC:  2    Str: 10    XL:     2   Next: 95%
Magic:  2/7        EV: 14    Int: 17    God:
Gold:   18         SH:  0    Dex: 15    Spells: 7/10 levels left

rFire    . . .     SeeInvis .   c - +0 short sword
rCold    . . .     Gourm    .   (no shield)
rNeg     . . .     Faith    .   a - +0 robe
rPois    .         Spirit   .   (no helmet)
rElec    .         Reflect  .   (no cloak)
rCorr    .         Harm     .   (no gloves)
MR       .....                  (no boots)
Stlth    +.........             (no amulet)
HPRegen  0.06/turn              (no ring)
MPRegen  0.10/turn              (no ring)

@: confused
A: distributed training, fangs 1, strong nose
a: no special abilities


You were on level 2 of the Dungeon.
You were not hungry.

You visited 1 branch of the dungeon, and saw 2 of its levels.

You collected 18 gold pieces.

Inventory:

Hand Weapons
 c - a +0 short sword (weapon)
   (You took it off a kobold on level 1 of the Dungeon)
Armour
 a - a +0 robe (worn)
Scrolls
 d - 2 scrolls of teleportation {unknown}
 f - 2 scrolls of magic mapping {unknown}
 h - a scroll of remove curse {unknown}
Potions
 g - a potion of invisibility {unknown}
 i - 2 potions of cancellation {unknown}
Comestibles
 b - 2 chunks of flesh
 e - 3 rations {!d}


   Skills:
 + Level 0.5 Fighting
 + Level 0.5 Short Blades
 + Level 0.5 Long Blades
 + Level 0.5 Axes
 + Level 0.5 Maces & Flails
 + Level 0.5 Polearms
 + Level 0.5 Staves
 + Level 0.5 Slings
 + Level 0.5 Bows
 + Level 0.5 Crossbows
 + Level 0.5 Throwing
 + Level 0.5 Armour
 + Level 4.5 Dodging
 + Level 4.1 Stealth
 + Level 0.5 Shields
 + Level 0.5 Unarmed Combat
 + Level 4.9 Spellcasting
 + Level 0.4 Conjurations
 + Level 0.4 Hexes
 + Level 0.4 Charms
 + Level 7.0 Summonings
 + Level 0.4 Necromancy
 + Level 0.4 Translocations
 + Level 0.4 Transmutations
 + Level 0.4 Fire Magic
 + Level 0.4 Ice Magic
 + Level 0.4 Air Magic
 + Level 0.4 Earth Magic
 + Level 0.4 Poison Magic
 + Level 0.7 Invocations
 + Level 0.5 Evocations


You had 7 spell levels left.
You knew the following spells:

 Your Spells              Type           Power        Failure   Level  Hunger
a - Summon Small Mammal   Summ           ####         1%          1    None
b - Call Imp              Summ           ####....     1%          2    #......

Your spell library contained the following spells:

 Spells                   Type           Power        Failure   Level  Hunger
 Call Canine Familiar     Summ           ####....     2%          3    ###....
 Summon Guardian Golem    Hex/Summ       ###.....     10%         3    ###....
 Summon Ice Beast         Ice/Summ       ###.....     30%         4    ####...
 Summon Lightning Spire   Summ/Air       ###.....     30%         4    ####...


Dungeon Overview and Level Annotations

Branches:
Dungeon (2/15)

Altars:

Annotations:
D:2 Sigmund


Innate Abilities, Weirdness & Mutations

Your experience applies equally to all skills.
You have very sharp teeth.
Your uncanny sense of smell can sniff out nearby items.


Message History

There is a stone staircase leading up here.
You climb upwards.
There is a stone staircase leading down here.
Memorise Call Imp, consuming 2 spell levels and leaving 7?
You start memorising the spell.
You continue memorising. x2
You finish memorising.
Spell assigned to 'b'.
You climb downwards.
Level annotation: Sigmund
There is a stone staircase leading up here.
A beastly little devil appears in a puff of frigid air.
A beastly little devil appears in a puff of frigid air.
A beastly little devil appears in a puff of flame.
What are your orders? t - Bark!
Orders for allies: a - Attack new target. r - Retreat! s - Stop attacking. g - Guard the area. f - Follow me.
Anything else - Cancel.
Gang up on whom?
Aim: Sigmund, wielding a +0 scythe and wearing a +0 robe (resting) Attack!
Sigmund shouts!
Sigmund gestures wildly while chanting.
Sigmund flickers and vanishes!
Deactivating autopickup; reactivate with Ctrl-A.
You swap places.
Your white imp appears confused.
There is a stone staircase leading up here.
Your white imp closely misses you.
Your white imp completely misses you.
You hear some strange, mumbled words.
You are confused.
Are you sure you want to stumble around while confused and next to your white imp?
Okay, then.
Are you sure you want to stumble around while confused and next to your white imp? [Y]es or [N]o only, please.
Are you sure you want to stumble around while confused and next to your white imp? [Y]es or [N]o only, please.
Are you sure you want to stumble around while confused and next to your white imp?
Okay, then.
Something hits you!
Ouch! That really hurt!
* * * LOW HITPOINT WARNING * * *
Your white imp hits your white imp.
Your white imp freezes your white imp.
Your white imp resists.
Your white imp hits your white imp but does no damage.
Your white imp hits itself but does no damage.
A magic dart appears from out of thin air!
The magic dart hits you!
You die...

.....
##.#.# ∆
###.....
......#
#....#
#.#.##
##...##
##.....##
#.....5@#
##....5##
##..5##
##..#
##.# #.#
#.# ..#
###


You could see a friendly crimson imp and 2 friendly white imps.

Vanquished Creatures
  A giant cockroach (D:1)
  2 goblins (D:1)
  2 hobgoblins (D:1)
  A bat (D:1)
  2 frilled lizards (D:1)
  3 kobolds (D:1)
  4 rats (D:1)
15 creatures vanquished.

Vanquished Creatures (collateral kills)
  A dart slug (D:1)
  A giant cockroach (D:1)
  A hobgoblin (D:1)
  2 kobolds (D:1)
  A bat (D:1)
  4 rats (D:1)
10 creatures vanquished.

Grand Total: 25 creatures vanquished

Notes
Turn   | Place    | Note
-------+----------+-------------------------------------------
     0 | D:1      | vurker the Gnoll Summoner began the quest for the Orb.
     0 | D:1      | Reached XP level 1. HP: 13/13 MP: 6/6
   194 | D:1      | Reached XP level 2. HP: 8/19 MP: 2/7
  1251 | D:2      | Noticed Sigmund
  1260 | D:1      | Learned a level 2 spell: Call Imp
  1277 | D:2      | Killed from afar by Sigmund

Levels and vault maps discovered:
D:1:      minmay_arrival_plants_in_alcoves, layout_basic
D:2:      layout_loops_corners, grunt_gozag_breadcrumbs, uniq_sigmund,
          uniq_terence, uniq_natasha

Action                   || total
-------------------------++-------
Melee: Unarmed           ||     9
       Bite              ||     2
       Short sword       ||    38
 Cast: Summon Small Mamm ||    18
       Call Imp          ||     3
 Stab: Sleeping          ||     3
       Distracted        ||     1
  Eat: Chunk             ||     1
Armor: Robe              ||     6
Dodge: Dodged            ||    40

Table legend:
 A = Non-vault XP
 B = Vault XP
 C = Vault XP percentage of total XP
 D = Non-vault monster count
 E = Vault monster count
 F = Vault count percentage of total count
                 A         B        C        D         E       F
            +---------+---------+-------+---------+---------+-------
      Total |      33 |       0 |   0.0 |      25 |       0 |   0.0
            +---------+---------+-------+---------+---------+-------
        D:1 |      33 |       0 |   0.0 |      25 |       0 |   0.0
            +---------+---------+-------+---------+---------+-------
